 Dungeon Crawl Stone Soup version 0.22-a0-351-g29664b4 (webtiles) character file.

247 b5mith the Skirmisher (level 5, -3/50 HPs)
             Began as a Minotaur Berserker on Apr 12, 2018.
             Was a Believer of Trog.
             Slain by Grinder (5 damage)
             ... on level 3 of the Dungeon.
             The game lasted 00:04:01 (1771 turns).

b5mith the Skirmisher (Minotaur Berserker)          Turns: 1771, Time: 00:04:02

Health: -3/50      AC:  0    Str: 22    XL:     5   Next: 85%
Magic:  4/4        EV: 14    Int:  4    God:    Trog [**....]
Gold:   139        SH:  5    Dex: 10    Spells: 4/4 levels left

rFire    . . .     SeeInvis .   (weapon currently unavailable)
rCold    . . .     Gourm    .   (shield currently unavailable)
rNeg     . . .     Faith    .   (armour currently unavailable)
rPois    .         Spirit   .   (helmet currently unavailable)
rElec    .         Reflect  +   (cloak currently unavailable)
rCorr    .         Harm     .   (gloves currently unavailable)
MR       .....                  (boots currently unavailable)
Stlth    +.........             t - +5 amulet of reflection
HPRegen  0.16/turn              (ring currently unavailable)
MPRegen  0.09/turn              (ring currently unavailable)

@: pig-form (expiring), berserk cooldown, slowed
A: small, (retaliatory headbutt)
a: Berserk, Trog's Hand, Renounce Religion


You were on level 3 of the Dungeon.
You worshipped Trog.
Trog was pleased with you.
You were hungry.
You were a filthy swine.
You visited 1 branch of the dungeon, and saw 3 of its levels.

You collected 139 gold pieces.

Inventory:

Hand Weapons
 a - a +0 falchion (melded)
 b - a +0 hunting sling
   (You found it on level 2 of the Dungeon)
Armour
 k - a +0 chain mail (melded)
   (You found it on level 1 of the Dungeon)
 q - a +0 animal skin
Jewellery
 j - an uncursed amulet of guardian spirit
   (You found it on level 1 of the Dungeon)
 t - a +5 amulet of reflection (around neck)
   (You found it on level 3 of the Dungeon)
Scrolls
 d - a scroll of immolation {unknown}
 e - 2 scrolls of enchant weapon {unknown}
 g - 2 scrolls of identify {unknown}
 m - a scroll of magic mapping {unknown}
 n - a scroll of amnesia {unknown}
 o - a scroll of random uselessness {unknown}
 r - a scroll of remove curse {unknown}
Potions
 f - 2 potions of brilliance {unknown}
 h - 2 potions of heal wounds {unknown}
 i - a potion of lignification {unknown}
 l - 3 potions of haste {unknown}
 p - 2 potions of curing {unknown}
Comestibles
 c - 4 rations
 s - a chunk of flesh


   Skills:
 + Level 6.2 Fighting
 + Level 6.2 Long Blades
 - Level 2.4 Armour
 - Level 2.1 Dodging


You had 4 spell levels left.
You didn't know any spells.

Dungeon Overview and Level Annotations

Branches:
Dungeon (3/15)

Altars:
Nemelex Xobeh
Qazlal
Vehumet

Annotations:
D:3 Grinder


Innate Abilities, Weirdness & Mutations

((You reflexively headbutt those who attack you in melee.))
((You have a pair of horns on your head.))


Message History

* * * LOW HITPOINT WARNING * * *
Grinder hits you.
* * * LOW HITPOINT WARNING * * *
You writhe in agony.
* * * LOW HITPOINT WARNING * * *
The jackal bites you.
* * * LOW HITPOINT WARNING * * *
The jackal bites you.
* * * LOW HITPOINT WARNING * * *
The jackal bites you.
* * * LOW HITPOINT WARNING * * *
Grinder blinks!
The jackal bites you.
* * * LOW HITPOINT WARNING * * *
You can move again.
The jackal misses you.
You bite the jackal!
You kill the jackal!
Trog accepts your kill.
Grinder blinks!
You bite the hobgoblin!
You kill the hobgoblin!
Trog accepts your kill. The jackal bites you.
* * * LOW HITPOINT WARNING * * *
Grinder gestures at you.
You barely resist.
Your transformation is almost over.
You block the jackal's attack.
You barely miss Grinder.
Grinder is heavily wounded.
The jackal closely misses you. Grinder hits you.
* * * LOW HITPOINT WARNING * * *
You writhe in agony.
* * * LOW HITPOINT WARNING * * *
You bite Grinder!
Grinder is severely wounded.
You are no longer berserk.
You are exhausted.
You feel yourself slow down. You block the jackal's attack.
You hit Grinder but do no damage.
Grinder is severely wounded.
Grinder misses you. The jackal barely misses you. Grinder gestures at you.
You resist with significant effort. The jackal closely misses you.
You hit Grinder.
Grinder is severely wounded.
You block the jackal's attack. Grinder hits you!
* * * LOW HITPOINT WARNING * * *
You writhe in agony.
You die...

.............##..##.....#
.........###.....##.....#
...........#<#..###.....#
....##.###...<..# #.....#
.####..# ##.....# #.....#
รท......# ##.....#
####### )......#
#.....)## .......#
#.....).### .......#
#.....hh..# .......#
#......5#.....# .......#
#.#.#.#.......# .......#
#...#...#.....# .#######
...........(..# ...#
..(...... ##### ##.#
....... ... .........
##..


You could see Grinder and a jackal.

Vanquished Creatures
  Sigmund (D:3)
  Robin (D:2)
  An adder (D:2)
  An ooze (D:1)
  A worm (D:3)
  5 leopard geckos
  2 orcs (D:3)
  5 bats (D:1)
  A giant cockroach (D:1)
  11 goblins
  10 hobgoblins
  A jackal (D:3)
  4 kobolds
  A quokka (D:2)
  4 frilled lizards
  3 rats
52 creatures vanquished.

Notes
Turn   | Place    | Note
-------+----------+-------------------------------------------
     0 | D:1      | b5mith the Minotaur Berserker began the quest for the Orb.
     0 | D:1      | Reached XP level 1. HP: 19/19 MP: 0/0
    37 | D:1      | Reached XP level 2. HP: 27/27 MP: 1/1
   389 | D:1      | Reached XP level 3. HP: 34/34 MP: 2/2
   597 | D:2      | Reached ** piety under Trog
   652 | D:2      | Found a sparkling altar of Nemelex Xobeh.
   656 | D:2      | Found a stormy altar of Qazlal.
   661 | D:2      | Found a radiant altar of Vehumet.
   784 | D:2      | Noticed Robin
   805 | D:2      | Killed Robin
   971 | D:2      | Found a faded altar of an unknown god.
  1236 | D:2      | Reached XP level 4. HP: 41/41 MP: 3/3
  1399 | D:3      | Reached skill level 5 in Fighting
  1400 | D:3      | Noticed Sigmund
  1401 | D:3      | Reached skill level 5 in Long Blades
  1438 | D:3      | Killed Sigmund
  1438 | D:3      | Reached XP level 5. HP: 23/50 MP: 1/4
  1751 | D:3      | Noticed Grinder
  1757 | D:3      | Paralysed by Grinder for 6 turns
  1771 | D:3      | HP: 2/50 [Grinder (11)]
  1771 | D:3      | Slain by Grinder

Vault maps used:
D:1:      doesnt_arrival_eight_statues
D:2:      minmay_overflow_temple_star_quad, first_ration,
          chequers_ecumenical_altar_simple, uniq_robin
D:3:      nicolae_overflow_hidden_temple, uniq_terence, uniq_grinder,
          uniq_sigmund

Skill      XL: |  1  2  3  4 |
---------------+-------------+-----
Fighting       | 4 6 |  6.2
Long Blades    | 4 6 |  6.2
Armour         | |  2.4
Dodging        | |  2.1

Action                   |  1- 3 |  4- 6 || total
-------------------------+-------+-------++-------
Melee: Falchion          |    64 |    27 ||    91
       Headbutt          |    12 |     6 ||    18
       Unarmed           |       |     6 ||     6
Invok: Berserk           |     1 |     2 ||     3
  Eat: Chunk             |     1 |       ||     1
       Ration            |       |     1 ||     1
Armor: Animal skin       |     5 |       ||     5
       Chain mail        |    21 |    14 ||    35
Dodge: Dodged            |    39 |    14 ||    53
Block: Other             |       |     3 ||     3
       Rpst.: Falchion   |     9 |     3 ||    12

Table legend:
 A = Spawn XP
 B = Non-spawn XP
 C = Spawn XP percentage of total XP
 D = Spawn monster count
 E = Non-spawn monster count
 F = Spawn count percentage of total count
 G = Total turns spent on level
                    A         B        C        D         E        F      G
               +---------+---------+-------+---------+---------+-------+---------
         Total |       0 |     353 |   0.0 |       0 |      52 |   0.0 |  1771
               +---------+---------+-------+---------+---------+-------+---------
           D:1 |       0 |      46 |   0.0 |       0 |      22 |   0.0 |   591
           D:2 |       0 |      57 |   0.0 |       0 |      17 |   0.0 |   799
           D:3 |       0 |     250 |   0.0 |       0 |      13 |   0.0 |   381
               +---------+---------+-------+---------+---------+-------+---------
